Map: Abyssal Reef LE

Players

Archenemy

  • Race: Terran Terran
  • League: Grandmaster
  • Spawn Location: 5:00

Pezz - Winner!

  • Race: Protoss Protoss
  • League: Grandmaster
  • Spawn Location: 11:00

VOD

Have the link to the VOD?

Description

Time

  • Played on: July 1, 2017, 5:47 a.m.
  • Length: 7:31
Show
View Real Time Build Order
Export as new Build Order

Archenemy Terran 

Build Orders: Reaper Expand 

Get SALT Encoding   

  12  0:01  SCV  
  13  0:13  SCV  
  14  0:20  Supply Depot  
  14  0:26  SCV  
  14  0:27  Refinery  
  15  0:41  SCV  
  16  0:47  Barracks  
  16  0:53  SCV  
  17  1:05  SCV  
  18  1:18  SCV  
  19  1:35  Orbital Command, Reaper  
  20  1:46  Command Center  
  20  1:56  Factory  
  20  2:00  SCV  
  21  2:07  Refinery  
  21  2:09  Barracks Reactor  
  21  2:13  SCV  
  22  2:17  Supply Depot  
  22  2:25  SCV  
  22  2:39  SCV  
  22  2:42  Starport  
  23  2:45  Marine x2  
  23  2:48  Widow Mine  
  27  2:53  SCV  
  28  3:02  Orbital Command  
  28  3:04  Marine x2  
  30  3:06  SCV  
  31  3:18  SCV  
  32  3:21  Marine  
  32  3:22  Marine  
  32  3:23  Widow Mine  
  32  3:24  Medivac  
  37  3:38  SCV  
  37  3:39  Marine x2, Supply Depot  
  41  3:41  SCV  
  39  3:53  SCV x2  
  37  4:05  Viking  
  37  4:09  SCV  
  40  4:15  SCV  
  41  4:17  Marine x2  
  41  4:21  SCV  
  43  4:27  SCV  
  40  4:33  SCV  
  40  4:37  Marine  
  42  4:39  SCV  
  42  4:40  Factory Tech Lab  
  42  4:41  Starport Tech Lab  
  41  4:45  Barracks, SCV  
  41  4:50  Barracks  
  41  4:51  SCV  
  43  4:54  Factory Tech Lab, Starport Tech Lab  
  43  4:58  SCV  
  43  4:59  Marine  
  44  5:00  Marine  
  44  5:04  SCV  
  47  5:08  Supply Depot  
  47  5:10  Engineering Bay  
  47  5:11  SCV  
  48  5:16  SCV  
  49  5:22  Marine x2  
  49  5:23  SCV  
  52  5:28  SCV  
  50  5:35  SCV  
  50  5:40  SCV  
  50  5:42  Marine  
  51  5:45  Combat Shields  
  51  5:47  SCV  
  52  5:53  Marine x3, SCV  
  56  5:59  Marine, Refinery  
  56  6:00  SCV  
  58  6:05  SCV  
  58  6:07  Factory Reactor  
  58  6:08  Starport Reactor  
  59  6:12  Supply Depot, SCV  
  59  6:17  SCV  
  61  6:24  SCV  
  60  6:28  Marine, Marauder  
  62  6:34  Marine, Marauder, SCV  
  62  6:35  Factory Tech Lab  
  62  6:36  SCV  
  62  6:37  Supply Depot  
  67  6:40  Missile Turret  
  67  6:43  Supply Depot  
  67  6:46  SCV  
  65  6:48  SCV  
  61  6:58  Marine x2, SCV  
  61  6:59  Marauder x2  
  64  7:02  SCV  
  62  7:10  SCV  
  62  7:12  Missile Turret  
Show
View Real Time Build Order
Export as new Build Order

Pezz Protoss - Winner!

Build Orders: Oracle Opening 

Get SALT Encoding   

  12  0:00  Probe (Chrono Boost)  
  13  0:11  Probe (Chrono Boost)  
  14  0:17  Pylon  
  14  0:22  Probe (Chrono Boost)  
  15  0:35  Probe (Chrono Boost)  
  16  0:36  Gateway  
  16  0:46  Probe (Chrono Boost)  
  16  0:47  Assimilator  
  17  0:51  Assimilator  
  17  0:56  Probe (Chrono Boost)  
  18  1:07  Probe (Chrono Boost)  
  19  1:16  Pylon  
  19  1:17  Probe (Chrono Boost)  
  20  1:23  Cybernetics Core  
  20  1:28  Probe (Chrono Boost)  
  21  1:38  Probe (Chrono Boost)  
  22  1:49  Probe (Chrono Boost)  
  23  1:59  Adept (Chrono Boost)  
  23  2:00  Stargate  
  25  2:11  Nexus  
  25  2:14  Warp Gate  
  25  2:23  Adept (Chrono Boost)  
  27  2:31  Pylon  
  27  2:40  Probe  
  27  2:43  Oracle (Chrono Boost)  
  31  2:52  Probe  
  32  3:04  Probe  
  32  3:05  Gateway x2  
  33  3:16  Probe  
  33  3:18  Oracle (Chrono Boost)  
  37  3:23  Probe  
  38  3:28  Probe  
  38  3:33  Probe  
  39  3:40  Probe  
  39  3:41  Pylon  
  41  3:44  Probe  
  42  3:52  Probe  
  42  3:54  Probe  
  43  3:56  Oracle (Chrono Boost)  
  47  4:04  Probe  
  47  4:05  Assimilator, Probe  
  47  4:07  Assimilator  
  47  4:09  Twilight Council  
  49  4:16  Probe x2  
  51  4:28  Probe x2  
  51  4:31  Phoenix (Chrono Boost)  
  50  4:39  Probe, Stalker x2  
  50  4:40  Probe  
  50  4:42  Stalker  
  58  4:50  Probe  
  59  4:53  Pylon, Probe  
  60  5:00  Probe  
  60  5:03  Blink (Chrono Boost)  
  60  5:06  Pylon, Probe  
  62  5:16  Stalker x2  
  62  5:17  Stalker  
  62  5:21  Pylon  
  68  5:40  Stalker  
  68  5:41  Stalker x2  
  74  5:46  Nexus  
  74  5:50  Pylon  
  74  5:53  Mothership Core  
  74  5:55  Probe  
  77  6:06  Probe  
  78  6:14  Probe  
  78  6:16  Probe  
  80  6:26  Probe  
  80  6:28  Probe  
  82  6:32  Forge  
  82  6:35  Forge  
  82  6:37  Robotics Facility  
  82  6:38  Probe  
  82  6:39  Probe  
  83  6:40  Gateway  
  83  6:41  Gateway  
  81  6:53  Probe  
  82  6:57  Probe  
  82  7:00  Probe, Stalker x3  
  89  7:07  Probe  
  91  7:09  Assimilator, Probe  
  91  7:11  Assimilator  
  91  7:12  Probe  
  93  7:19  Probe  
Tags
 
Add a new tag
Caveats
  • Supply blocks, unpowered buildings, or Contaminate may cause inaccurate times.
  • Supply counts are checked every 10 seconds.